General information
- name: BNet
- type: Ladder team game (AT/RT)
- host: Battle.net
- saver: TALONSAREIMBA
map: FullScaleAssault
- players: 8
- length: 20:50
- speed: Fast
- version: 1.24 W3XP
- replay type: Public
» download(137 KB)
Players
team 1 (winner)

»
TALONSAREIMBA (
red | 129 APM | 2691 actions | 20:50)
6 Priestess of the Moon
3 Searing Arrows
2 Trueshot Aura
1 Starfall
4 Keeper of the Grove
2 Entangling Roots
2 Thorns Aura
» actions
| Assign group hotkey | 32 | |
| Basic commands | 86 | |
| Build / train | 81 | |
| ESC pressed | 3 | |
| Enter build submenu | 16 | |
| Enter hero's abilities submenu | 11 | |
| Give item / drop item | 2 | |
| Right click | 1319 | |
| Select / deselect | 674 | |
| Select group hotkey | 406 | |
| Use ability | 61 | |
2691 total
» units
| Wisp | 24 | |
| Archer | 13 | |
| Hippogryph | 4 | |
| Glaive Thrower | 3 | |
| Druid of the Talon | 9 | |
53 total
» upgrades
| Hippogryph Taming | 1 | |
| Improved Bows | 1 | |
| Strength of the Moon | 3 | |
| Vorpal Blades | 1 | |
| Marksmanship | 1 | |
| Druid of the Talon Training | 1 | |
8 total
» buildings
| Altar of Elders | 2 | |
| Moon Well | 5 | |
| Ancient of War | 2 | |
| Ancient of Wonders | 1 | |
| Tree of Life | 2 | |
| Tree of Ages | 2 | |
| Hunter's Hall | 1 | |
| Ancient of Wind | 2 | |
| Tree of Eternity | 1 | |
18 total
» build order
00:05 Altar of Elders
00:06 Moon Well
00:23 Ancient of War
01:40 Moon Well
02:05 Ancient of War
03:46 Ancient of Wonders
04:32 Tree of Life
04:44 Tree of Ages
05:27 Hunter's Hall
05:31 Moon Well
07:35 Ancient of Wind
07:49 Ancient of Wind
09:47 Moon Well
10:34 Tree of Eternity
13:45 Moon Well
16:48 Tree of Life
17:27 Tree of Ages
19:05 Altar of Elders
» items
| Dust of Appearance | 1 | |
| Scroll of Healing | 1 | |
| Scroll of Town Portal | 1 | |
| Potion of Mana | 1 | |
| Orb of Venom | 1 | |
5 total
poutineeater (
purple | 36 APM | 749 actions | 20:50)
4 Mountain King
2 Storm Bolt
2 Bash
4 Archmage
2 Summon Water Elemental
2 Brilliance Aura
4 Paladin
1 Holy Light
2 Divine Shield
1 Devotion Aura
» actions
| Assign group hotkey | 22 | |
| Basic commands | 52 | |
| Build / train | 71 | |
| ESC pressed | 2 | |
| Enter build submenu | 18 | |
| Enter hero's abilities submenu | 12 | |
| Give item / drop item | 1 | |
| Remove unit from queue | 1 | |
| Right click | 271 | |
| Select / deselect | 147 | |
| Select group hotkey | 94 | |
| Use ability | 58 | |
749 total
» units
| Peasant | 9 | |
| Footman | 3 | |
| Rifleman | 21 | |
| Mortar Team | 8 | |
41 total
» upgrades
| Gunpowder | 3 | |
| Masonry | 1 | |
| Long Rifles | 1 | |
| Armor | 3 | |
| Fragmentation Shards | 1 | |
| Flare | 1 | |
10 total
» buildings
| Altar of Kings | 1 | |
| Barracks | 1 | |
| Farm | 12 | |
| Blacksmith | 1 | |
| Scout Tower | 2 | |
| Arcane Tower | 2 | |
| Lumber Mill | 1 | |
| Keep | 1 | |
| Arcane Vault | 1 | |
| Castle | 1 | |
| Workshop | 1 | |
24 total
» build order
00:32 Altar of Kings
00:35 Barracks
00:43 Farm
01:15 Farm
02:05 Blacksmith
02:14 Farm
03:03 Farm
03:42 Scout Tower
03:55 Scout Tower
04:08 Arcane Tower
04:14 Lumber Mill
04:57 Arcane Tower
05:01 Farm
05:49 Keep
06:06 Arcane Vault
06:43 Farm
08:17 Farm
09:02 Castle
09:06 Workshop
10:28 Farm
11:53 Farm
11:54 Farm
15:03 Farm
15:05 Farm
PundarN (
orange | 22 APM | 454 actions | 20:50)
1 Crypt Lord
1 Spiked Carapace
» actions
| Basic commands | 4 | |
| Build / train | 78 | |
| Enter build submenu | 36 | |
| Enter hero's abilities submenu | 1 | |
| Remove unit from queue | 1 | |
| Right click | 82 | |
| Select / deselect | 224 | |
| Use ability | 28 | |
454 total
» units
| Acolyte | 12 | |
| Ghoul | 3 | |
| Crypt Fiend | 3 | |
| Gargoyle | 6 | |
| Abomination | 11 | |
| Necromancer | 8 | |
43 total
» upgrades
| Cannibalize | 1 | |
| Web | 1 | |
| Banshee Training | 2 | |
| Necromancer Training | 2 | |
| Disease Cloud | 1 | |
| Creature Attack | 2 | |
| Unholy Strength | 1 | |
| Unholy Armor | 1 | |
| Creature Carapace | 1 | |
| Skeletal Mastery | 1 | |
| Skeletal Longevity | 1 | |
14 total
» buildings
| Crypt | 2 | |
| Altar of Darkness | 1 | |
| Ziggurat | 15 | |
| Nerubian Tower | 7 | |
| Graveyard | 3 | |
| Halls of the Dead | 1 | |
| Necropolis | 1 | |
| Spirit Tower | 8 | |
| Black Citadel | 1 | |
| Slaughterhouse | 1 | |
| Temple of the Damned | 2 | |
| Tomb of Relics | 1 | |
43 total
» build order
00:09 Crypt
01:03 Altar of Darkness
01:12 Ziggurat
02:21 Ziggurat
03:03 Ziggurat
03:48 Ziggurat
04:46 Nerubian Tower
04:48 Nerubian Tower
04:50 Nerubian Tower
04:51 Nerubian Tower
05:04 Graveyard
07:09 Halls of the Dead
07:14 Ziggurat
08:58 Necropolis
09:08 Spirit Tower
11:12 Ziggurat
11:38 Ziggurat
11:42 Ziggurat
11:56 Ziggurat
12:01 Ziggurat
12:15 Ziggurat
12:21 Spirit Tower
12:48 Nerubian Tower
12:55 Nerubian Tower
13:24 Spirit Tower
13:26 Spirit Tower
13:28 Nerubian Tower
13:58 Ziggurat
14:05 Ziggurat
14:24 Ziggurat
14:37 Black Citadel
14:45 Slaughterhouse
15:08 Ziggurat
15:11 Spirit Tower
15:13 Spirit Tower
15:30 Temple of the Damned
15:48 Spirit Tower
16:51 Temple of the Damned
17:10 Spirit Tower
17:20 Graveyard
17:57 Tomb of Relics
18:31 Graveyard
19:02 Crypt

»
hiphopanonymoos (
blue | 33 APM | 697 actions | 20:50)
4 Death Knight
2 Death Coil
2 Unholy Aura
4 Dreadlord
2 Vampiric Aura
2 Carrion Swarm
» actions
| Assign group hotkey | 2 | |
| Basic commands | 36 | |
| Build / train | 65 | |
| Enter build submenu | 21 | |
| Enter hero's abilities submenu | 8 | |
| Remove unit from queue | 1 | |
| Right click | 169 | |
| Select / deselect | 316 | |
| Select group hotkey | 34 | |
| Use ability | 45 | |
697 total
» units
| Acolyte | 11 | |
| Ghoul | 6 | |
| Necromancer | 16 | |
| Meatwagon | 2 | |
| Abomination | 2 | |
| Goblin Zeppelin | 2 | |
39 total
» upgrades
| Unholy Strength | 3 | |
| Unholy Armor | 3 | |
| Necromancer Training | 2 | |
| Exhume Corpses | 1 | |
| Skeletal Longevity | 1 | |
| Disease Cloud | 1 | |
| Skeletal Mastery | 1 | |
12 total
» buildings
| Crypt | 1 | |
| Ziggurat | 9 | |
| Altar of Darkness | 1 | |
| Nerubian Tower | 1 | |
| Graveyard | 1 | |
| Halls of the Dead | 1 | |
| Tomb of Relics | 1 | |
| Temple of the Damned | 2 | |
| Slaughterhouse | 2 | |
| Black Citadel | 1 | |
20 total
» build order
00:29 Crypt
00:38 Ziggurat
00:43 Ziggurat
00:52 Altar of Darkness
01:05 Ziggurat
01:10 Ziggurat
02:04 Nerubian Tower
02:11 Graveyard
03:55 Halls of the Dead
05:20 Ziggurat
05:24 Ziggurat
05:28 Ziggurat
05:35 Ziggurat
05:40 Tomb of Relics
06:19 Temple of the Damned
06:25 Temple of the Damned
06:29 Slaughterhouse
10:01 Black Citadel
12:29 Ziggurat
13:17 Slaughterhouse
team 2 (loser)

»
kradok (
pink | 42 APM | 865 actions | 20:24)
3 Blademaster
1 Wind Walk
2 Critical Strike
2 Tauren Chieftain
1 War Stomp
1 Endurance Aura
» actions
| Assign group hotkey | 16 | |
| Basic commands | 36 | |
| Build / train | 59 | |
| Enter build submenu | 11 | |
| Enter hero's abilities submenu | 5 | |
| Give item / drop item | 1 | |
| Right click | 247 | |
| Select / deselect | 119 | |
| Select group hotkey | 296 | |
| Use ability | 75 | |
865 total
» units
| Peon | 13 | |
| Shaman | 4 | |
| Troll Witch Doctor | 8 | |
| Raider | 11 | |
36 total
» upgrades
| Witch Doctor Training | 2 | |
| Shaman Training | 2 | |
| Melee Weapons | 3 | |
| Armor | 2 | |
| Ensnare | 1 | |
10 total
» buildings
| Orc Burrow | 6 | |
| Altar of Storms | 1 | |
| Voodoo Lounge | 1 | |
| War Mill | 1 | |
| Stronghold | 1 | |
| Fortress | 1 | |
| Spirit Lodge | 3 | |
| Beastiary | 1 | |
15 total
» build order
00:11 Orc Burrow
00:24 Altar of Storms
00:38 Voodoo Lounge
01:36 War Mill
02:15 Orc Burrow
02:55 Stronghold
04:44 Orc Burrow
05:46 Fortress
05:51 Spirit Lodge
05:52 Spirit Lodge
05:53 Spirit Lodge
07:48 Orc Burrow
07:51 Orc Burrow
08:38 Beastiary
13:46 Orc Burrow
» items
| Healing Salve | 1 | |
| Lesser Clarity Potion | 1 | |
| Scroll of Speed | 1 | |
| Potion of Lesser Invulnerability | 1 | |
4 total
the)enigma (
yellow | 39 APM | 817 actions | 20:49)
4 Blood Mage
2 Banish
2 Siphon Mana
3 Dark Ranger
1 Silence
2 Life Drain
» actions
| Assign group hotkey | 28 | |
| Basic commands | 9 | |
| Build / train | 52 | |
| Enter build submenu | 18 | |
| Enter hero's abilities submenu | 7 | |
| Remove unit from queue | 2 | |
| Right click | 295 | |
| Select / deselect | 215 | |
| Select group hotkey | 149 | |
| Use ability | 42 | |
817 total
» units
| Peasant | 6 | |
| Footman | 10 | |
| Knight | 9 | |
| Siege Engine | 5 | |
30 total
» upgrades
| Plating | 3 | |
| Swords | 2 | |
| Barrage | 1 | |
| Animal War Training | 1 | |
| Long Rifles | 0 | |
7 total
» buildings
| Altar of Kings | 1 | |
| Farm | 9 | |
| Scout Tower | 1 | |
| Barracks | 2 | |
| Arcane Tower | 1 | |
| Blacksmith | 1 | |
| Keep | 1 | |
| Lumber Mill | 1 | |
| Arcane Vault | 1 | |
| Castle | 1 | |
| Workshop | 1 | |
20 total
» build order
00:08 Altar of Kings
00:12 Farm
00:19 Scout Tower
00:35 Barracks
01:22 Arcane Tower
01:39 Farm
02:21 Farm
03:33 Blacksmith
03:35 Keep
04:22 Farm
04:46 Lumber Mill
05:44 Farm
06:47 Arcane Vault
07:36 Castle
08:01 Workshop
09:49 Farm
11:02 Barracks
12:40 Farm
13:23 Farm
14:12 Farm
» items
billy_talent_2 (
green | 36 APM | 757 actions | 20:46)
2 Archmage
1 Summon Water Elemental
1 Brilliance Aura
2 Paladin
1 Holy Light
1 Divine Shield
2 Mountain King
1 Storm Bolt
1 Thunder Clap
» actions
| Assign group hotkey | 10 | |
| Basic commands | 3 | |
| Build / train | 36 | |
| Enter build submenu | 23 | |
| Enter hero's abilities submenu | 6 | |
| Remove unit from queue | 2 | |
| Right click | 273 | |
| Select / deselect | 260 | |
| Select group hotkey | 103 | |
| Use ability | 41 | |
757 total
» units
» upgrades
| Lumber Harvesting | 2 | |
| Gunpowder | 3 | |
| Barrage | 1 | |
| Plating | 1 | |
7 total
» buildings
| Altar of Kings | 1 | |
| Barracks | 1 | |
| Farm | 13 | |
| Lumber Mill | 2 | |
| Scout Tower | 1 | |
| Arcane Tower | 1 | |
| Keep | 1 | |
| Blacksmith | 1 | |
| Castle | 1 | |
| Workshop | 3 | |
25 total
» build order
00:21 Altar of Kings
00:36 Barracks
00:54 Farm
01:08 Farm
01:51 Lumber Mill
01:59 Farm
02:29 Scout Tower
02:41 Farm
02:59 Arcane Tower
03:20 Keep
03:24 Farm
04:00 Farm
04:42 Farm
05:19 Farm
05:51 Blacksmith
05:58 Farm
06:01 Castle
06:51 Farm
07:07 Workshop
07:10 Workshop
07:16 Workshop
07:28 Farm
08:14 Farm
08:32 Lumber Mill
09:33 Farm

»
Anal-rapist (
teal | 41 APM | 696 actions | 17:02)
3 Priestess of the Moon
2 Trueshot Aura
1 Searing Arrows
2 Keeper of the Grove
1 Force of Nature
1 Thorns Aura
» actions
| Assign group hotkey | 12 | |
| Basic commands | 17 | |
| Build / train | 68 | |
| Enter build submenu | 16 | |
| Enter hero's abilities submenu | 5 | |
| Give item / drop item | 2 | |
| Remove unit from queue | 6 | |
| Right click | 208 | |
| Select / deselect | 176 | |
| Select group hotkey | 156 | |
| Use ability | 30 | |
696 total
» units
| Wisp | 17 | |
| Archer | 5 | |
| Druid of the Claw | 1 | |
| Dryad | 11 | |
| Hippogryph | 3 | |
| Faerie Dragon | 3 | |
| Huntress | 1 | |
| Glaive Thrower | 1 | |
42 total
» upgrades
| Strength of the Wild | 2 | |
| Reinforced Hides | 2 | |
| Abolish Magic | 1 | |
| Druid of the Claw Training | 2 | |
7 total
» buildings
| Altar of Elders | 1 | |
| Ancient of War | 1 | |
| Moon Well | 8 | |
| Ancient of Wonders | 1 | |
| Hunter's Hall | 1 | |
| Tree of Ages | 1 | |
| Ancient of Lore | 1 | |
| Tree of Life | 1 | |
| Ancient of Wind | 1 | |
| Tree of Eternity | 1 | |
17 total
» build order
00:16 Altar of Elders
00:21 Ancient of War
00:36 Moon Well
01:50 Moon Well
02:20 Ancient of Wonders
02:41 Hunter's Hall
03:37 Tree of Ages
03:55 Moon Well
04:52 Moon Well
06:09 Moon Well
06:22 Ancient of Lore
07:43 Tree of Life
08:03 Moon Well
08:32 Ancient of Wind
08:58 Moon Well
10:31 Moon Well
11:54 Tree of Eternity
» items
| Scroll of Protection | 2 | |
| Scroll of Healing | 2 | |
4 total
Chat log
(00:06 / Allies) poutineeater: hi
(00:07 / Allies) poutineeater: units?
(00:23 / Allies) hiphopanonymoos: necro/abom/wagon
(01:40 / Allies) PundarN: I can't believe it
(01:46 / Allies) poutineeater: ?
(01:51 / Allies) PundarN: My computer can't do WC3 on max graphics with fraps on..
(02:43 / Allies) poutineeater: creep guys
(02:53 / Allies) PundarN: Hero is on his way
(03:14 / Allies) PundarN: Can ya creep for me?
(03:27 / Allies) PundarN: I'll share units, and you'll use my hero
(04:14 / Allies) PundarN: Annyoing fucker...
(04:29 / Allies) PundarN: A pussy too.
(05:13 / Allies) PundarN: OMFg
(05:33 / Allies) poutineeater: no shop orange!
(05:34 / Allies) poutineeater: wtf
(05:36 / Allies) poutineeater: get dust
(05:44 / Allies) PundarN: what are you talkin' about?
(05:45 / Allies) PundarN: Shop?
(05:49 / Allies) poutineeater: omg
(06:12 / Allies) poutineeater: make a vault
(06:16 / Allies) PundarN: k
(07:47 / Allies) PundarN: Purple
(07:54 / Allies) poutineeater: what
(07:55 / Allies) PundarN: Can I catch this mine
(08:01 / Allies) PundarN: ?
(08:08 / Allies) poutineeater: sutre
(08:33 / Allies) PundarN: K
(08:35 / Allies) PundarN: This is mine guys
(08:47 / Allies) PundarN: not the one to the right, the left one
(10:07 / Allies) poutineeater: wtf red
(10:14 / Allies) PundarN: lmao
(10:15 / Allies) hiphopanonymoos: rofl
(10:18 / Allies) PundarN: red
(10:20 / Allies) PundarN: let your heroes
(10:21 / Allies) PundarN: die
(10:27 / Allies) PundarN: otherwise you'll lead them to your base
(13:04 / Allies) poutineeater: back
(13:26 / Allies) poutineeater: they got mass tank
(13:36 / Allies) PundarN: Meh
(13:38 / Allies) PundarN: Humans are too easy
(13:51 / Allies) PundarN: Go make 24 gryphons and win
(14:36 / Allies) poutineeater: get ready to tp
(16:14 / Allies) PundarN: full scaled invasion is full scaled inavsion...
(16:18 / Allies) poutineeater: orange did i tell uya that u suck really hard
(16:30 / Allies) PundarN: Naww, i love y atoo.
(17:12 / Allies) poutineeater: counter now
(18:42 / Allies) PundarN: gold for lumber, any1?